 Dungeon Crawl Stone Soup version 0.30-a0-591-g3c58d2bc28 (webtiles) character file.

Game seed: 4658796131655349126

2881 kae the Changer (level 9, -3/70 HPs)
             Began as a Demonspawn Transmuter on Jan 4, 2023.
             Was a Follower of Ru.
             Slain by a gnoll sergeant
             ... wielding a +7 heavy spear
              (8 damage)
             ... on level 9 of the Dungeon.
             The game lasted 00:07:45 (7288 turns).

kae the Changer (Demonspawn Transmuter)             Turns: 7288, Time: 00:07:46

Health: -3/70      AC:  8    Str: 14    XL:     9   Next: 48%
Magic:  11/17      EV: 12    Int: 16    God:    Ru [*.....]
Gold:   258        SH:  4    Dex: 13    Spells: 8/18 levels left

rFire   x . .      SeeInvis .      - Unarmed
rCold   + + +      Faith    .    (shield currently unavailable)
rNeg    . . .      Spirit   .    (body armour currently unavailable)
rPois   +          Reflect  .    (helmet currently unavailable)
rElec   .          Harm     .    (cloak currently unavailable)
rCorr   .          Rampage  .    (gloves currently unavailable)
Will    .....                    (boots currently unavailable)
Stlth   +                        (no amulet)
HPRegen 0.31/turn                (no ring)
MPRegen 0.15/turn                (no ring)

@: ice-form, wereblooded
A: freezing attack, amphibious, boosted hp, large, repulsion field 1, foul
stench 1, inability to train armour, condensation shield, (weakness stinger 1)
a: End Transformation, Renounce Religion


You were on level 9 of the Dungeon.
You worshipped Ru.
Ru was aware of your devotion.
You were a creature of crystalline ice.
You visited 2 branches of the dungeon, and saw 8 of its levels.

You collected 258 gold pieces.


Innate Abilities, Weirdness & Mutations

You are a creature of crystalline ice.
You have a powerful freezing melee attack.
You are amphibious.
Your maximum health is increased.
Your armour is entirely melded.
You are incapable of wielding weapons or throwing items.
You are surrounded by a mild repulsion field. (EV +2)
You may rarely emit foul miasma when damaged in melee.
You cannot train Armour skill.
A meltable shield of frost defends you. (SH +4)
((You have a small tail.))


   Skills:
 - Level 1.0 Fighting
 - Level 1.7 Dodging
 + Level 5.7 Unarmed Combat
 + Level 5.4 Spellcasting
 * Level 7.5 Transmutations
 * Level 5.9 Ice Magic
 - Level 1.5 Poison Magic


You had 8 spell levels left.
You knew the following spells:

 Your Spells              Type           Power      Damage    Failure   Level
a - Beastly Appendage     Tmut           56%        N/A       1%          1
b - Wereblood             Tmut           28%        N/A       1%          2
c - Spider Form           Tmut/Pois      18%        N/A       7%          3
d - Ice Form              Ice/Tmut       25%        N/A       9%          4

Your spell library contained the following spells:

 Spells                   Type           Power      Damage    Failure   Level
 Scorch                   Fire           8%         2d5       22%         2
 Flame Wave               Conj/Fire      4%         2d5       82%         4
 Summon Cactus Giant      Summ           2%         N/A       100%        6

Inventory:

Missiles
 e - 71 stones
 i - 31 poisoned darts
 p - 3 boomerangs
 q - a throwing net {=f!f}
Armour
 a - a +1 robe (melded)
 m - a +0 cloak
   (You found it on level 5 of the Dungeon)
Magical Staves
 j - a staff of conjuration {!a}
   (You found it on level 3 of the Dungeon)
Wands
 n - a wand of roots (12)
   (You found it on level 4 of the Dungeon)
Scrolls
 d - 2 scrolls of amnesia
 k - 2 scrolls of fog
Potions
 b - 2 potions of lignification {!q}
 c - 3 potions of attraction {!q}
 g - a potion of mutation {unknown}
 h - a potion of curing {@q1}
 l - a potion of heal wounds {@q2}
 o - 2 potions of degeneration {!q}
 r - a potion of might

Dungeon Overview and Level Annotations

Branches:
Dungeon (6/15) Zot: 26858  Temple (1/1) D:4 Zot: 5867

Altars:
Ashenzari
Cheibriados
Dithmenos
Gozag
Hepliaklqana
Kikubaaqudgha
Nemelex Xobeh
Okawaru
Ru
Sif Muna
Trog
Uskayaw
Wu Jian
Xom
Yredelemnul

Shops:
D:1

= ##.....## ##.......##
#.....!...# +.........+
###.........#
...........#
..........# .........#
......#Y## ##... #g#
##....#g# ......#{###
.......o..# ..##......#
..##......#
..............#.#####.#
.............$........#


You could see a gnoll sergeant, a gnoll and an orc.


Message History

The hobgoblin hits you.
* * * LOW HITPOINT WARNING * * *
😱 HP[-17]
You take 17 damage, and now have 14/70 hp.
MASSIVE DAMAGE!! (PAUSE)
You feel much better. The gnoll completely misses you.
The hobgoblin hits you but does no damage.
The orc wizard begins to cast a spell, but is stunned by your conviction! 😮 HP[+23]
You regained 23 hp, and now have 37/70 hp.
Unknown command.
You punch the orc wizard! You freeze the orc wizard.
You feel a bit better.
You kill the orc wizard!
The gnoll sergeant completely misses you. 😮 HP[+1]
You punch the hobgoblin! You freeze the hobgoblin.
You feel a bit better.
You kill the hobgoblin!
The gnoll hits you but does no damage.
You hear some strange, mumbled words.
A puff of flame appears from out of thin air!
The puff of flame hits you! The fire burns you terribly!
* * * LOW HITPOINT WARNING * * *
An orc comes into view. It is wielding a +0 mace. 😨 HP[-12]
You take 12 damage, and now have 26/70 hp.
You pummel the orc priest!! You freeze the orc priest!
You feel a bit better.
You kill the orc priest!
The gnoll hits you from afar with a +0 spear.
* * * LOW HITPOINT WARNING * * *
The gnoll sergeant hits you from afar with a +7 heavy spear!
* * * LOW HITPOINT WARNING * * *
😱 HP[-11]
You take 11 damage, and now have 15/70 hp.
Something hits you.
* * * LOW HITPOINT WARNING * * *
Things that are here:
a +2 vampiric short sword; a +0 leather armour; an orc corpse 😱 HP[-1]
You take 1 damage, and now have 14/70 hp.
A magic dart appears from out of thin air!
The magic dart hits you.
* * * LOW HITPOINT WARNING * * *
Things that are here:
a +0 dagger; a +0 robe; an orc corpse; 😱 HP[-2] MP[+1]
You take 2 damage, and now have 12/70 hp.
Items here: )) ††. 😱 HP[+1]
Things that are here:
a +0 whip; a gnoll corpse 😱 HP[+1]
As you read the scroll labelled IXYBATREERCH, it crumbles to dust.
You assume a fearsome visage.
Nothing appears to happen.
It was a scroll of fear. 😱 MP[+1] 😱 HP[+1]
Your primal bloodlust is almost over. 😱 HP[+1] 😱 MP[+1] 😱 HP[+1]
Your transformation is almost over.
Your primal bloodlust has ended. 😨 HP[+1]
A magic dart appears from out of thin air!
The magic dart hits you.
* * * LOW HITPOINT WARNING * * *
😨 MP[+1]
Your mp is fully restored (17).
You open the door.
The gnoll hits you from afar with a +0 spear.
* * * LOW HITPOINT WARNING * * *
😱 HP[-3]
You take 3 damage, and now have 15/70 hp.
You warm up again.
Your +1 robe unmelds from your body.
There is an open door here. 😱 HP[-2]
You now have 59 max hp (-11). 😱 HP[+1]
Casting: Wereblood (safe; 1% risk of failure)
Confirm with . or Enter, or press ? or * to list all spells.
You turn into a creature of crystalline ice.
Your +1 robe melds into your body.
The gnoll hits you but does no damage.
The gnoll hits you from afar with a +0 spear.
* * * LOW HITPOINT WARNING * * *
😱 MP[-4]
You now have 70 max hp (+11).
You lost 4 mp, and now have 13/17 mp.
Casting: Ice Form (dangerous; 9% risk of failure)
Confirm with . or Enter, or press ? or * to list all spells.
Your blood is infused with primal strength.
Your icy envelope is restored.
The gnoll hits you but does no damage.
The gnoll hits you from afar with a +0 spear!
* * * LOW HITPOINT WARNING * * *
😱 HP[-7] MP[-2]
You take 7 damage, and now have 7/70 hp.
You lost 2 mp, and now have 11/17 mp.
The gnoll hits you with a +0 spear.
* * * LOW HITPOINT WARNING * * *
The gnoll sergeant hits you from afar with a +7 heavy spear!
You die...

Skill      XL: |  1  2  3  4  5  6  7  8  9 |
---------------+----------------------------+-----
Transmutations | 2 3 4 5 6 7 |  7.5
Unarmed Combat | 3 4 5 |  5.7
Poison Magic   | 1 |  1.5
Spellcasting   | 3 4 5 |  5.4
Ice Magic      | 1 3 5 |  5.9
Fighting       | |  1.0
Dodging        | |  1.7

Action                   |  1- 3 |  4- 6 |  7- 9 || total
-------------------------+-------+-------+-------++-------
Melee: Unarmed           |   103 |   129 |   261 ||   493
       Kick              |    10 |    12 |       ||    22
       Headbutt          |     8 |     3 |       ||    11
       Punch             |     3 |       |       ||     3
       Tailslap          |     3 |     5 |     3 ||    11
 Cast: Beastly Appendage |    24 |     8 |       ||    32
       Spider Form       |     2 |    10 |     5 ||    17
       Wereblood         |     1 |     3 |     6 ||    10
       Ice Form          |       |       |    26 ||    26
Invok: Sacrifice Durabil |       |       |     1 ||     1
  Use: Scroll            |     5 |     2 |     8 ||    15
       Potion            |       |     1 |     4 ||     5
 Stab: Sleeping          |     1 |       |       ||     1
       Distracted        |     1 |       |       ||     1
Armor: Robe              |    15 |     7 |     2 ||    24
       Skin              |     1 |     4 |    57 ||    62
Dodge: Dodged            |    80 |    81 |   163 ||   324
Block: Other             |       |    17 |    47 ||    64

Levels and vault maps discovered:
D:1:      dpeg_arrival_tiny_j, layout_basic, serial_shops, nicolae_shop_trees
D:2:      layout_basic, minivault_24, chequers_hall_statues_corner_a
D:3:      minmay_bubble_buster, layout_basic, tgw_trog, dk_xom_monty_hall,
          grunt_ministairs_2, uniq_sigmund, uniq_jessica
D:4:      layout_loops_ring, elyvilon_altar_1, nicolae_sif_muna_condensation,
          minmay_temple_entry_glassed_door, serial_bayou_ford_a, uniq_duvessa
D:5:      layout_basic, nicolae_hepliaklqana_hippocampus, uniq_edmund,
          uniq_prince_ribbit1, uniq_grinder
D:6:      layout_basic, vehumet_statue, marbit_many_paths,
          nicolae_fountain_basement
D:9:      layout_loops_corners, mainiacjoe_overflow_cross_hatched,
          chequers_temple_overflow_statue_of_worship, erik_orc_4,
          supply_closet_lemuel, minmay_evil_grid
Temple:   nicolae_temple_two_arcs

Notes
Turn   | Place    | Note
-------+----------+-------------------------------------------
     0 | D:1      | kae the Demonspawn Transmuter began the quest for the Orb.
     0 | D:1      | Reached XP level 1. HP: 15/15 MP: 3/3
     0 | D:1      | magus.rc [v1.11.3]
     4 | D:1      | Found Zoal Oty's Jewellery Shoppe.
   152 | D:1      | Reached skill level 2 in Transmutations
   280 | D:1      | Gained mutation: You are surrounded by a mild repulsion
                  | field. (EV +2) [demonic ancestry]
   280 | D:1      | Reached XP level 2. HP: 21/21 MP: 3/5
   891 | D:1      | Learned a level 2 spell: Wereblood
   988 | D:2      | Reached skill level 3 in Unarmed Combat
  1175 | D:2      | Gained mutation: You have a small tail. [demonic ancestry]
  1175 | D:2      | Reached XP level 3. HP: 24/26 MP: 4/6
  1179 | D:2      | Learned a level 3 spell: Spider Form
  1706 | D:3      | Noticed Jessica
  1720 | D:3      | Killed Jessica
  1721 | D:3      | Reached skill level 1 in Poison Magic
  1721 | D:3      | Reached XP level 4. HP: 32/32 MP: 3/7
  1842 | D:3      | Reached skill level 3 in Transmutations
  1931 | D:3      | Found a shimmering altar of Xom.
  2003 | D:3      | Gained mutation: A meltable shield of frost defends you.
                  | (SH +4) [demonic ancestry]
  2003 | D:3      | Reached XP level 5. HP: 36/37 MP: 7/9
  2389 | D:3      | Noticed a moth of wrath
  2392 | D:3      | Found a bloodstained altar of Trog.
  2572 | D:3      | Noticed Sigmund
  2643 | D:3      | Killed Sigmund
  2644 | D:3      | Reached skill level 3 in Spellcasting
  2644 | D:3      | Reached skill level 4 in Transmutations
  2644 | D:3      | Reached XP level 6. HP: 19/43 MP: 5/10
  2867 | D:3      | Learned a level 4 spell: Ice Form
  3157 | D:4      | Reached skill level 4 in Unarmed Combat
  3299 | D:4      | Found a staircase to the Ecumenical Temple.
  3308 | Temple   | Entered the Ecumenical Temple
  3432 | Temple   | Became a worshipper of Ru the Awakened
  3521 | D:4      | Reached skill level 1 in Ice Magic
  3535 | D:4      | Found a shimmering blue altar of Sif Muna.
  3614 | D:4      | HP: 7/43 [poisoned by an orc wizard]
  3616 | D:4      | Reached XP level 7. HP: 17/48 MP: 2/12
  3842 | D:4      | Noticed Dowan
  3849 | D:4      | Noticed Duvessa
  3873 | D:4      | Killed Duvessa
  3874 | D:4      | Reached skill level 2 in Ice Magic
  3878 | D:4      | Killed Dowan
  3879 | D:4      | Reached skill level 5 in Transmutations
  4450 | D:5      | Entered Level 5 of the Dungeon
  4469 | D:4      | HP: 12/57 [killer bee (7)]
  4471 | D:4      | HP: 5/57 [killer bee (3)]
  4482 | D:4      | Reached skill level 4 in Spellcasting
  4482 | D:4      | HP: 14/57 [killer bee (5)]
  4486 | D:4      | Reached skill level 3 in Ice Magic
  4681 | D:4      | HP: 14/57 [killer bee (1)]
  4849 | D:4      | HP: 14/57 [killer bee (3)]
  4852 | D:4      | Gained mutation: You may rarely emit foul miasma when
                  | damaged in melee. [demonic ancestry]
  4852 | D:4      | Reached XP level 8. HP: 14/54 MP: 9/14
  4854 | D:4      | HP: 13/64 [poisoned by a killer bee]
  5078 | D:5      | Noticed Grinder
  5088 | D:5      | Killed Grinder
  5199 | D:5      | Reached skill level 6 in Transmutations
  5199 | D:5      | Reached skill level 4 in Ice Magic
  5290 | D:5      | Noticed Prince Ribbit
  5317 | D:5      | HP: 16/64 [Prince Ribbit (9)]
  5320 | D:5      | HP: 3/64 [Prince Ribbit (14)]
  5325 | D:5      | HP: 4/97 [Prince Ribbit (3)]
  5329 | D:5      | Killed Prince Ribbit
  5330 | D:5      | Reached skill level 5 in Unarmed Combat
  5675 | D:5      | You pick up a book of Scorching and begin reading...
  5675 | D:5      | You add the spells Scorch, Flame Wave and Summon Cactus
                  | Giant to your library.
  5728 | D:5      | Noticed Edmund
  5742 | D:5      | Killed Edmund
  6054 | D:5      | Found a hazy altar of Hepliaklqana.
  6390 | D:6      | Gained mutation: You cannot train Armour skill. [Ru
                  | sacrifice]
  6390 | D:6      | Reached * piety under Ru
  6394 | D:6      | Reached skill level 5 in Ice Magic
  6394 | D:6      | Reached XP level 9. HP: 59/59 MP: 11/16
  6402 | D:6      | Reached skill level 5 in Spellcasting
  6491 | D:6      | Found a basalt altar of Yredelemnul.
  6826 | D:6      | Reached skill level 7 in Transmutations
  7144 | D:6      | You fall into a shaft and drop 3 floors!
  7144 | D:9      | Found a shadowy altar of Dithmenos.
  7144 | D:9      | Found a sparkling altar of Nemelex Xobeh.
  7144 | D:9      | Found a hide-covered altar of Uskayaw.
  7252 | D:9      | HP: 15/70 [gnoll sergeant/+7 heavy spear (15)]
  7257 | D:9      | HP: 14/70 [something (1)]
  7277 | D:9      | HP: 17/70 [something/magic dart (1)]
  7285 | D:9      | HP: 14/70 [gnoll/+0 spear[a gnoll sergeant] (3)]
  7288 | D:9      | HP: 5/70 [gnoll/+0 spear[a gnoll sergeant] (3)]
  7288 | D:9      | Slain by a gnoll sergeant

Vanquished Creatures
  Prince Ribbit (D:5)
  Grinder (D:5)
  Sigmund (D:3)
  A wyvern (D:6)
  Edmund (D:5)
  A water moccasin (D:6)
  Duvessa (D:4)
  An orc warrior (D:9)
  2 ice beasts
  2 centaurs
  2 kobold brigands (D:6)
  2 scorpions
  3 wights (D:6)
  Dowan (D:4)
  6 killer bees (D:4)
  A howler monkey (D:5)
  5 jellies
  3 orc priests
  2 iguanas (D:4)
  Jessica (D:3)
  4 orc wizards
  7 adders
  8 gnolls
  A shadow imp (D:6)
  A worm (D:3)
  17 orcs
  10 ball pythons
  7 bats
  12 endoplasms
  3 giant cockroaches
  10 goblins
  8 hobgoblins
  3 jackals (D:3)
  17 kobolds
  A quokka (D:4)
  3 frilled lizards (D:3)
  14 rats
164 creatures vanquished.

Table legend:
 A = Non-vault XP
 B = Vault XP
 C = Vault XP percentage of total XP
 D = Non-vault monster count
 E = Vault monster count
 F = Vault count percentage of total count
                 A         B        C        D         E       F
            +---------+---------+-------+---------+---------+-------
      Total |    2497 |    1620 |  39.3 |     122 |      42 |  25.6
            +---------+---------+-------+---------+---------+-------
        D:1 |      30 |       0 |   0.0 |      18 |       0 |   0.0
        D:2 |      28 |       0 |   0.0 |      18 |       0 |   0.0
        D:3 |      47 |     390 |  89.2 |      14 |      26 |  65.0
        D:4 |     702 |     208 |  22.9 |      34 |       2 |   5.6
        D:5 |     456 |     705 |  60.7 |      11 |       3 |  21.4
        D:6 |    1061 |      13 |   1.2 |      22 |       1 |   4.3
        D:9 |     173 |     304 |  63.7 |       5 |      10 |  66.7
            +---------+---------+-------+---------+---------+-------

Illustrated notes

Table legend:
 A = Kills in this place as a percentage of kills in entire the game.
 B = Kills by you in this place as a percentage of kills by you in the entire game.
 C = Kills by friends in this place as a percentage of kills by friends in the entire game.
 D = Other kills in this place as a percentage of other kills in the entire game.
 E = Experience gained in this place as a percentage of experience gained in the entire game.
 F = Experience gained in this place divided by the number of levels of this place that you have seen.
                   A       B       C       D       E      F
               +-------+-------+-------+-------+-------+----------------------
         Total | 100.0 | 100.0 |   N/A |   N/A | 100.0 | 514.6
       Dungeon | 100.0 | 100.0 |   N/A |   N/A | 100.0 | 588.1
               +-------+-------+-------+-------+-------+----------------------

Table legend: (Time is in decaauts)
 A = Elapsed time spent in this place.
 B = Non-inter-level travel time spent in this place.
 C = Inter-level travel time spent in this place.
 D = Time resting spent in this place.
 E = Time spent auto-exploring this place.
 F = Levels seen in this place.
 G = Mean time per level.
                   A        B        C        D        E       F      G
               +--------+--------+--------+--------+--------+-----+--------+
         Total |   7249 |   7118 |    131 |    491 |   5379 |   8 |  906.1 |
       Dungeon |   7117 |   6994 |    123 |    491 |   5273 |   7 | 1016.7 |
        Temple |    132 |    124 |      8 |      0 |    106 |   1 |  132.0 |
               +--------+--------+--------+--------+--------+-----+--------+

Top non-repeatable levels by time:
     D:4: 1788 daAuts
     D:3: 1441 daAuts
     D:5: 1226 daAuts
     D:1: 941 daAuts
     D:6: 910 daAuts
     D:2: 668 daAuts
     D:9: 140 daAuts
  Temple: 132 daAuts
